 Dungeon Crawl Stone Soup version 0.17-a0-1714-g35622ae (webtiles) character file.

722 karlkraus the Shield-Bearer (level 7, -7/61 HPs)
             Began as a Minotaur Fighter on Aug 24, 2015.
             Mangled by Pikel
             ... wielding a +1 whip of electrocution
              (9 damage)
             ... on level 4 of the Dungeon.
             The game lasted 00:06:14 (2574 turns).

karlkraus the Shield-Bearer (Minotaur Fighter)      Turns: 2574, Time: 00:06:15

Health: -7/61      AC:  8    Str: 20    XL:     7   Next: 43%
Magic:  6/6        EV:  7    Int:  5    God:
Gold:   192        SH: 15    Dex: 12    Spells: 0 memorised, 6 levels left

rFire  . . .     SeeInvis .     v - +3 morningstar (holy)
rCold  . . .     Clarity  .     b - +0 scale mail
rNeg   . . .     SustAt   .     f - +0 large shield
rPois  .         Gourm    .     (helmet restricted)
rElec  .         Spirit   .     h - +0 cloak
rCorr  .         Warding  .     (no gloves)
rMut   .         Stasis   .     (no boots)
MR     .....                    (no amulet)
Stlth  ..........               (no ring)
                                (no ring)

@: not resistant to hostile enchantments, extremely unstealthy
A: retaliatory headbutt, horns 2
a: no special abilities


You were on level 4 of the Dungeon.
You were not hungry.

You visited 1 branch of the dungeon, and saw 4 of its levels.

You collected 192 gold pieces.

Inventory:

Hand weapons
 v - a +3 morningstar of holy wrath (weapon)
 x - a +2 flail of venom
Armour
 b - a +0 scale mail (worn)
 f - a +0 large shield (worn)
 h - a +0 cloak (worn)
 y - a +3 leather armour of positive energy
Jewellery
 n - an uncursed ring of protection from cold {unknown}
Scrolls
 c - 6 scrolls of remove curse
 d - 3 scrolls of identify {unknown}
 k - a scroll of magic mapping {unknown}
 s - 2 scrolls of random uselessness {unknown}
 w - a scroll of teleportation {unknown}
 z - a scroll of immolation {unknown}
Potions
 g - 3 potions of degeneration {unknown}
 i - 2 potions of curing {unknown}
 j - a potion of cure mutation {unknown}
 l - a potion of haste {unknown}
 m - 2 potions of heal wounds {unknown}
 o - a potion of agility {unknown}
 p - a potion of brilliance {unknown}
 q - 3 potions of cancellation {unknown}
 t - a potion of lignification {unknown}
 u - a potion of flight {unknown}
Comestibles
 a - a beef jerky
 e - 2 bread rations
 r - a meat ration


   Skills:
 + Level 5.0 Fighting
 + Level 4.5 Maces & Flails
 + Level 5.2 Armour
 + Level 3.6 Dodging
 + Level 7.1 Shields


You had 6 spell levels left.
You didn't know any spells.

Dungeon Overview and Level Annotations

Branches:
Dungeon (4/15)             Temple (0/1) D:4

Altars:
Kikubaaqudgha
Nemelex Xobeh

Annotations:
D:4 Pikel


Innate Abilities, Weirdness & Mutations

You reflexively headbutt those who attack you in melee.
You have a pair of horns on your head.


Message History

You puncture the slave!
The slave is severely wounded.
The slave hits you!
* * * LOW HITPOINT WARNING * * *
You are too injured to fight recklessly!
You are too injured to fight recklessly!
You hit the giant cockroach.
The giant cockroach is severely wounded.
The giant cockroach bites you but does no damage.
You block the giant cockroach's attack.
You hit the giant cockroach.
You kill the giant cockroach!
You closely miss Pikel. You headbutt Pikel.
Pikel is lightly wounded.
Pikel hits you with a whip of electrocution.
* * * LOW HITPOINT WARNING * * *
You are electrocuted!
* * * LOW HITPOINT WARNING * * *
Pikel hits you with a whip of electrocution!
You die...

##..........#.##
###.........#..##
.......(....##..#
..#......... ##.#
#.#......... #.#
#.#.######## #.#
....# #.## #.#.#
#..# #..... ##@#
........ #K#
.......... #pp#
.......... #pp..
..........
#...... ..
####... #........
.......$.
#........
#........


You could see Pikel and 4 slaves.

Vanquished Creatures
  Edmund (D:4)
  2 ogres (D:4)
  A scorpion (D:3)
  An orc priest (D:3)
  A giant frog skeleton (D:4)
  Crazy Yiuf (D:2)
  A worker ant (D:4)
  Jessica (D:2)
  A hound (D:4)
  An iguana (D:4)
  Natasha (thrice) (D:2)
  5 adders
  A gnoll (D:4)
  3 worms
  3 giant geckos
  4 orcs (D:3)
  14 bats
  2 bat zombies (D:3)
  7 giant cockroaches
  8 goblins
  8 hobgoblins
  6 jackals
  2 quokkas
  3 ball pythons
  4 giant newts
  7 kobolds
  3 rats
  A bush (D:2)
95 creatures vanquished.

Notes
Turn   | Place    | Note
--------------------------------------------------------------
     0 | D:1      | karlkraus the Minotaur Fighter began the quest for the Orb.
     0 | D:1      | Reached XP level 1. HP: 19/19 MP: 0/0
   142 | D:1      | Reached XP level 2. HP: 25/27 MP: 1/1
   209 | D:1      | Reached skill level 4 in Shields
   497 | D:1      | Reached XP level 3. HP: 33/33 MP: 2/2
   743 | D:2      | Noticed Jessica
   748 | D:2      | Killed Jessica
   748 | D:2      | Reached skill level 1 in Dodging
   753 | D:2      | Noticed Natasha
   763 | D:2      | Killed Natasha
   763 | D:2      | Reached XP level 4. HP: 25/40 MP: 3/3
   825 | D:2      | Reached skill level 5 in Shields
   850 | D:2      | Noticed Natasha
   853 | D:2      | Killed Natasha
   969 | D:2      | Noticed Natasha
   972 | D:2      | Killed Natasha
  1411 | D:2      | Noticed Crazy Yiuf
  1416 | D:2      | Killed Crazy Yiuf
  1416 | D:2      | Reached XP level 5. HP: 33/46 MP: 4/4
  1787 | D:3      | Found a sparkling altar of Nemelex Xobeh.
  2089 | D:3      | Reached skill level 6 in Shields
  2089 | D:3      | Reached XP level 6. HP: 42/53 MP: 5/5
  2279 | D:3      | Found an ancient bone altar of Kikubaaqudgha.
  2406 | D:4      | Found a staircase to the Ecumenical Temple.
  2476 | D:4      | Reached skill level 5 in Armour
  2509 | D:4      | Reached XP level 7. HP: 47/60 MP: 6/6
  2511 | D:4      | Noticed Edmund
  2523 | D:4      | Killed Edmund
  2566 | D:4      | Noticed Pikel
  2567 | D:4      | Reached skill level 5 in Fighting
  2567 | D:4      | Reached skill level 7 in Shields
  2574 | D:4      | HP: 2/61 [Pikel/whip of electrocution (11)]
  2574 | D:4      | Mangled by Pikel

Vault maps used:
D:1:      dpeg_arrival_another_circle
D:2:      uniq_jessica, uniq_natasha, uniq_crazy_yiuf_cottage
D:3:      nicolae_overflow_crystal_walls, lemuel_zombie_altar_kikubaaqudgha
D:4:      minmay_temple_entry_hall, first_bread,
          nicolae_ossuary_entry_false_entrances, uniq_edmund, uniq_pikel

Action                   |  1- 3 |  4- 6 |  7- 9 || total
-------------------------+-------+-------+-------++-------
Melee: Flail             |    91 |   133 |       ||   224
       Morningstar       |       |    46 |    17 ||    63
  Use: Potion            |       |     1 |       ||     1
       Scroll            |       |     1 |       ||     1
  Eat: Beef jerky        |       |     1 |       ||     1
       Chunk             |       |     1 |       ||     1
       Meat ration       |       |     1 |       ||     1
